 Dungeon Crawl Stone Soup version 0.29.1-12-g30fa7ad0bf (webtiles) character file.

Game seed: 6108917631636471728

39 MisterFreud the Twirler (level 3, 0/27 HPs)
             Began as a Formicid Gladiator on Jan 5, 2023.
             Slain by a howler monkey (4 damage)
             ... on level 4 of the Dungeon.
             The game lasted 00:01:18 (1541 turns).

MisterFreud the Twirler (Formicid Gladiator)        Turns: 1541, Time: 00:01:19

Health: 0/27       AC:  3    Str: 20    XL:     3   Next: 70%
Magic:  3/3        EV: 12    Int:  7    God:
Gold:   72         SH:  0    Dex: 15    Spells: 2/2 levels left

rFire   . . .      SeeInvis +   a - +0 quarterstaff
rCold   . . .      Faith    .   (no shield)
rNeg    . . .      Spirit   .   b - +0 leather armour
rPois   .          Reflect  .   (helmet unavailable)
rElec   .          Harm     .   (no cloak)
rCorr   +          Rampage  .   (no gloves)
Will    .....                   (no boots)
Stlth   +.........              (no amulet)
HPRegen 0.09/turn               f - ring of resist corrosion
MPRegen 0.08/turn               (no ring)

@: no status effects
A: permanent stasis, dig shafts and tunnels, antennae 3, four strong arms
a: Dig, Shaft Self


You were on level 4 of the Dungeon.
You visited 1 branch of the dungeon, and saw 3 of its levels.

You collected 72 gold pieces.

Inventory:

Hand Weapons
 a - a +0 quarterstaff (weapon)
Missiles
 c - 3 throwing nets (quivered)
 d - a javelin
Armour
 b - a +0 leather armour (worn)
Jewellery
 f - a ring of resist corrosion (left hand)
Potions
 e - a potion of mutation {unknown}
 g - a potion of lignification {unknown}
 h - a potion of heal wounds {unknown}
 i - a potion of brilliance


   Skills:
 - Level 2.1 Fighting
 + Level 4.4 Staves
 - Level 2.0 Throwing
 - Level 2.6 Dodging


You had 2 spell levels left.
You didn't know any spells.
Your spell library was empty.

Dungeon Overview and Level Annotations

Branches:
Dungeon (4/15)
 Temple: D:4-7

Altars:


Innate Abilities, Weirdness & Mutations

You cannot be hasted, slowed, berserked, paralysed or teleported.
You can dig through walls and to a lower floor.
You have a pair of large antennae on your head. (SInv)
Your four strong arms can wield two-handed weapons with a shield.


Message History

You closely miss the howler monkey. The howler monkey hits you.
You hit the howler monkey.
The howler monkey is moderately wounded.
The howler monkey misses you. The howler monkey hits you.
You sock the howler monkey!
The howler monkey is severely wounded.
The howler monkey hits you.
You barely miss the howler monkey.
The howler monkey is severely wounded.
The howler monkey hits you.
You are too injured to fight recklessly!
You closely miss the howler monkey.
The howler monkey is severely wounded.
The howler monkey hoots and howls with incredible vigour!
You hear a shout! x4; You hear an angry hiss. x2
You are too injured to fight recklessly!
You hit the howler monkey.
The howler monkey is almost dead.
The howler monkey hits you but does no damage.
The howler monkey hits you.
* * * LOW HITPOINT WARNING * * *
You closely miss the howler monkey.
The howler monkey is almost dead.
The howler monkey misses you.
You closely miss the howler monkey.
The howler monkey is almost dead.
The howler monkey hoots and howls with incredible vigour!
You hear an angry hiss.
You hear a shout!
You closely miss the howler monkey.
The howler monkey is almost dead.
The howler monkey misses you. The howler monkey hits you.
* * * LOW HITPOINT WARNING * * *
You barely miss the howler monkey.
The howler monkey is almost dead.
The howler monkey hits you.
* * * LOW HITPOINT WARNING * * *
You barely miss the howler monkey.
The howler monkey is almost dead.
The howler monkey hits you.
You die...

#
########.........#
.. ####.....#.###
..#####...#.......#
..........#.......#
.#................#
..................#
≈≈≈...#........#.##
......#........#.#
#..............#@#
...............#h#
#.........######.#
###.###...# #.# #.
#...# #.# #. .....
..# ..# ..#


You could see a howler monkey.

Vanquished Creatures
  2 ufetubi (D:4)
  3 ball pythons
  3 bats (D:1)
  2 endoplasms
  5 goblins (D:1)
  3 hobgoblins (D:1)
  2 jackals (D:1)
  A quokka (D:1)
  A frilled lizard (D:1)
  2 kobolds (D:1)
  3 rats (D:1)
27 creatures vanquished.

Notes
Turn   | Place    | Note
-------+----------+-------------------------------------------
     0 | D:1      | MisterFreud the Formicid Gladiator began the quest for the
                  | Orb.
     0 | D:1      | Reached XP level 1. HP: 16/16 MP: 1/1
   235 | D:1      | Reached XP level 2. HP: 21/22 MP: 2/2
   620 | D:1      | Reached skill level 4 in Staves
   620 | D:1      | Reached XP level 3. HP: 26/27 MP: 3/3
  1295 | D:2      | You fall into a shaft and drop 2 floors!
  1541 | D:4      | Slain by a howler monkey

Illustrated notes

Levels and vault maps discovered:
D:1:      beargit_arrival_greenhouse, layout_basic
D:2:      layout_basic, kennysheep_minor_cross
D:4:      layout_basic, mainiacjoe_overflow_boulevard, interstate_on_off

Skill      XL: |  1  2 |
---------------+-------+-----
Staves         | 4 |  4.4
Fighting       | |  2.1
Throwing       | |  2.0
Dodging        | |  2.6

Action                   || total
-------------------------++-------
Melee: Quarterstaff      ||    86
 Abil: Shaft Self        ||     1
  Use: Scroll            ||     6
       Potion            ||     2
 Stab: Sleeping          ||     2
Armor: Leather armour    ||    23
Dodge: Dodged            ||    89
